 Dungeon Crawl Stone Soup version 0.19-a0-1827-g174f941 (webtiles) character file.

51 Ryco the Firebug (level 3, 0/19 HPs)
             Began as a Deep Elf Fire Elementalist on Oct 7, 2016.
             Killed from afar by an orc wizard (9 damage)
             ... with a puff of frost
             ... on level 4 of the Dungeon.
             The game lasted 00:06:05 (608 turns).

Ryco the Firebug (Deep Elf Fire Elementalist)        Turns: 608, Time: 00:06:06

Health: 0/19       AC:  2    Str:  5    XL:     3   Next: 58%
Magic:  6/10       EV: 13    Int: 20    God:
Gold:   83         SH:  0    Dex: 15    Spells: 2 memorised, 5 levels left

rFire  . . .     SeeInvis .     f - +0 dagger
rCold  . . .     Gourm    .     a - +0 robe
rNeg   . . .     Faith    .     (no shield)
rPois  .         Spirit   .     (no helmet)
rElec  .         Dismiss  .     (no cloak)
rCorr  .         Reflect  .     (no gloves)
MR     .....     Harm     .     (no boots)
Stlth  ++........               (no amulet)
                                (no ring)
                                (no ring)

@: very slightly contaminated
A: no striking features
a: no special abilities


You were on level 4 of the Dungeon.
You were not hungry.

You visited 1 branch of the dungeon, and saw 5 of its levels.

You collected 83 gold pieces.

Inventory:

Hand Weapons
 f - a +0 dagger (weapon)
Armour
 a - a +0 robe (worn)
Scrolls
 d - 2 scrolls of identify
 e - a scroll of blinking {unknown}
 j - 2 scrolls of remove curse {unknown}
Potions
 g - a potion of cure mutation
 h - a potion of lignification {unknown}
 i - 2 potions of curing {unknown}
 k - a potion of mutation {unknown}
 l - 2 potions of agility {unknown}
 m - 2 potions of invisibility {unknown}
Books
 b - a book of Flames

   Spells                             Type                      Level
   a - Flame Tongue                   Conjuration/Fire             1
   b - Throw Flame                    Conjuration/Fire             2
   c - Conjure Flame                  Conjuration/Fire             3
   d - Inner Flame                    Hexes/Fire                   3
   e - Sticky Flame                   Conjuration/Fire             4
   f - Fireball                       Conjuration/Fire             5
Comestibles
 c - 3 bread rations


   Skills:
 + Level 2.7 Dodging
 - Level 2.4 Stealth
 + Level 3.7 Spellcasting
 * Level 1.7 Conjurations
 + Level 4.3 Fire Magic


You had 5 spell levels left.
You knew the following spells:

 Your Spells              Type           Power        Failure   Level  Hunger
a - Flame Tongue          Conj/Fire      ###..        4%          1    None
c - Conjure Flame         Conj/Fire      ###.....     14%         3    ###....


Dungeon Overview and Level Annotations

Branches:
Dungeon (5/15)
 Temple: D:4-7

Altars:

Annotations:
D:4 Eustachio


Message History

2 orcs and an orc wizard come into view.
The orc hits you.
A scorpion comes into view.
As you read the scroll labeled SOTHRE VIHEEROU, it crumbles to dust.
It is a scroll of identify.
g - a potion of cure mutation The orc hits you with a mace.
The orc hits you but does no damage.
Unknown command.
Eustachio mumbles some strange words.
Eustachio blinks!
The orc wizard shouts!
You hear a shout!
The howler monkey hoots and howls with incredible vigour!
You hear an angry hiss.
An iguana comes into view.
An orc comes into view. It is wielding a dagger.
A dart slug comes into view.
The orc shouts!
You hear a shout!
The orc wizard points at you and mumbles some strange words.
The puff of frost hits you!
You die...

....!>... .....$..# .
........# .## .S......
. ##.##.##
.......###...#.##..#
..........##.#.##..####
.......##.............#
....>........o..@....#
.......#####.l.##...##
......######..###o..#
.....S@h..w..o..#.#.#
......######S.#.#o#o#
....... #.h..#S#.#
.....(.. #..)##.ho#
........ #.5†.#o#s#
#.......# #..#...@.#


You could see a howler monkey, an iguana, an orc wizard, an adder, a dart slug
and 4 orcs.

Vanquished Creatures
  Natasha (D:2)
  A dart slug (D:1)
  2 orcs (D:4)
  A ball python (D:1)
  A giant cockroach (D:2)
  2 goblins (D:1)
  2 hobgoblins (D:1)
  3 jackals (D:2)
  2 kobolds
  4 bats
  3 rats (D:1)
22 creatures vanquished.

Notes
Turn   | Place    | Note
-------+----------+-------------------------------------------
     0 | D:1      | Ryco the Deep Elf Fire Elementalist began the quest for the Orb.
     0 | D:1      | Reached XP level 1. HP: 10/10 MP: 6/6
   161 | D:1      | Reached XP level 2. HP: 14/15 MP: 4/8
   490 | D:2      | Noticed Natasha
   496 | D:2      | Killed Natasha
   496 | D:2      | Reached skill level 4 in Fire Magic
   496 | D:2      | Reached XP level 3. HP: 7/19 MP: 3/10
   501 | D:2      | Learned a level 3 spell: Conjure Flame
   553 | D:3      | You fall through a shaft for 2 floors!
   553 | D:5      | Entered Level 5 of the Dungeon
   573 | D:4      | Noticed Eustachio
   596 | D:4      | Noticed a scorpion
   599 | D:4      | Noticed a scorpion
   608 | D:4      | Killed from afar by an orc wizard

Vault maps used:
D:1:      wheals_arrival_shading, minmay_pentomino_o4
D:2:      hangedman_decor_growths, uniq_natasha, uniq_iyjb, uniq_robin
D:3:      first_bread
D:4:      amethyst_overflow_temple_binary, gammafunk_temple_overflow_wave,
          uniq_eustachio

Skill      XL: |  1  2 |
---------------+-------+-----
Fire Magic     | 4 |  4.3
Dodging        | |  2.7
Stealth        | |  2.4
Spellcasting   | |  3.7
Conjurations   | |  1.7

Action                   || total
-------------------------++-------
Melee: Dagger            ||     6
 Cast: Flame Tongue      ||    40
       Conjure Flame     ||     1
  Use: Scroll            ||     1
Armor: Robe              ||     4
Dodge: Dodged            ||    19
